 Dungeon Crawl Stone Soup version 0.25-a0-424-g80bd347ae0 (webtiles) character file.

Game seed: 9212967345759945863, levelgen mode: deterministic

62 kae the Gusty (level 3, 0/26 HPs)
             Began as a Draconian Air Elementalist on Jan 23, 2020.
             Succumbed to an adder's poison
             ... on level 2 of the Dungeon.
             The game lasted 00:01:26 (1749 turns).

kae the Gusty (Draconian Air Elementalist)          Turns: 1749, Time: 00:01:26

Health: 0/26       AC:  5    Str: 13 (14) XL:     3   Next: 85%
Magic:  2/6        EV: 12    Int: 14 (16) God:
Gold:   101        SH:  0    Dex:  8 (11) Spells: 6/7 levels left

rFire    + . .     SeeInvis .   a - +0 spear
rCold    + . .     Gourm    .   (no shield)
rNeg     . . .     Faith    .   (armour unavailable)
rPois    +         Spirit   .   (helmet restricted)
rElec    +         Reflect  .   (no cloak)
rCorr    +         Harm     .   (no gloves)
MR       .....                  (no boots)
Stlth    ++........             (no amulet)
HPRegen  0.08/turn              f - +4 ring of strength
MPRegen  0.10/turn              (no ring)

@: lethally poisoned (0 -> -4), resistant
A: unfitting armour, cold-blooded, AC +5
a: no special abilities


You were on level 2 of the Dungeon.
You were not hungry.

You visited 1 branch of the dungeon, and saw 2 of its levels.

You collected 101 gold pieces.

Inventory:

Hand Weapons
 a - a +0 spear (weapon)
Jewellery
 f - a +4 ring of strength (left hand)
Scrolls
 i - 3 scrolls of remove curse
Potions
 d - 2 potions of brilliance
Comestibles
 b - 4 rations


   Skills:
 - Level 1.7 Dodging
 - Level 1.7 Stealth
 + Level 2.5 Spellcasting
 + Level 2.0 Conjurations
 * Level 4.0 Air Magic


You had 6 spell levels left.
You knew the following spells:

 Your Spells              Type           Power        Failure   Level  Hunger
a - Shock                 Conj/Air       ##..         6%          1    #......

Your spell library contained the following spells:

 Spells                   Type           Power        Failure   Level  Hunger
 Swiftness                Chrm/Air       #.......     14%         2    ###....
 Static Discharge         Conj/Air       ##......     19%         3    ###....
 Airstrike                Air            ##........   38%         4    #####..
 Lightning Bolt           Conj/Air       ##........   87%         5    ######.


Dungeon Overview and Level Annotations

Branches:
Dungeon (2/15)

Altars:


Innate Abilities, Weirdness & Mutations

Your plain brown scales are hard. (AC +5)
You cannot fit into any form of body armour.
You are cold-blooded and may be slowed by cold attacks.


Message History

You can't see any susceptible monsters within range! (Use Z to cast anyway.)
You feel magically purged.
You feel protected.
* * * LOW HITPOINT WARNING * * *
You feel sick.
There is a lethal amount of poison in your body!
There is a lethal amount of poison in your body!
There is a lethal amount of poison in your body!
As you read the scroll of teleportation, it crumbles to dust.
You feel strangely unstable.
Your surroundings suddenly seem different.
* * * LOW HITPOINT WARNING * * *
You feel sick.
Found 17 sling bullets.
As you read the scroll of teleportation, it crumbles to dust.
You feel strangely unstable.
* * * LOW HITPOINT WARNING * * *
You feel sick.
Your surroundings suddenly seem different.
You die...

..#..............#
..#..............#
..#..............#
..#....##........#
#.#..............#
..#..............#
.....#..........#########
.....#..................#
.....#..........@.......#
..#######...............#
..# #...............# ..#
#######.........# #.#
#....<....# #.####
#.........# .>...#
#.........# ##.#.#
#.........# #.#.#
###########


There were no monsters in sight!

Vanquished Creatures
  2 adders (D:2)
  An ooze (D:1)
  A leopard gecko (D:1)
  A ball python (D:2)
  2 giant cockroaches (D:1)
  6 goblins
  8 hobgoblins
  3 jackals (D:1)
  4 kobolds (D:1)
  2 bats (D:1)
  2 frilled lizards
  2 rats (D:1)
34 creatures vanquished.

Notes
Turn   | Place    | Note
-------+----------+-------------------------------------------
     0 | D:1      | kae the Draconian Air Elementalist began the quest for the
                  | Orb.
     0 | D:1      | Reached XP level 1. HP: 14/14 MP: 3/3
   315 | D:1      | Reached XP level 2. HP: 9/20 MP: 0/5
  1138 | D:1      | Reached XP level 3. HP: 26/26 MP: 6/6
  1737 | D:2      | Reached skill level 4 in Air Magic
  1742 | D:2      | HP: 1/26 [poisoned by an adder]
  1749 | D:2      | Succumbed to an adder's poison

Levels and vault maps discovered:
D:1:      dpeg_arrival_yet_another_circle, layout_loops_corners, minmay_tripent
D:2:      layout_basic, brannock_xom_greatest_gift

Skill      XL: |  1  2  3 |
---------------+----------+-----
Conjurations   | 2 |  2.0
Air Magic      | 4 |  4.0
Dodging        | |  1.7
Stealth        | |  1.7
Spellcasting   | |  2.5

Action                   || total
-------------------------++-------
Melee: Unarmed           ||    43
       Tailslap          ||     8
       Spear             ||    51
 Cast: Shock             ||    43
  Use: Scroll            ||     7
       Potion            ||     4
 Stab: Sleeping          ||     3
  Eat: Chunk             ||     3
Armor: Skin              ||    20
Dodge: Dodged            ||    69

Table legend:
 A = Non-vault XP
 B = Vault XP
 C = Vault XP percentage of total XP
 D = Non-vault monster count
 E = Vault monster count
 F = Vault count percentage of total count
                 A         B        C        D         E       F
            +---------+---------+-------+---------+---------+-------
      Total |      85 |       4 |   4.5 |      32 |       2 |   5.9
            +---------+---------+-------+---------+---------+-------
        D:1 |      46 |       4 |   8.0 |      23 |       2 |   8.0
        D:2 |      39 |       0 |   0.0 |       9 |       0 |   0.0
            +---------+---------+-------+---------+---------+-------
